 Dungeon Crawl Stone Soup version 0.27-a0-1119-gbf574a6a6b (webtiles) character file.

Game seed: 8459395490196197783

2 Zeld the Shield-Bearer (level 1, -4/16 HPs)
             Began as an Octopode Fighter on May 2, 2021.
             Killed from afar by a dart slug (7 damage)
             ... with a slug dart
             ... on level 1 of the Dungeon.
             The game lasted 00:00:12 (113 turns).

Zeld the Shield-Bearer (Octopode Fighter)            Turns: 113, Time: 00:00:13

Health: -4/16      AC:  1    Str: 15    XL:     1   Next: 40%
Magic:  1/1        EV: 11    Int: 10    God:
Gold:   7          SH:  8    Dex: 11    Spells: 0/0 levels left

rFire    . . .     SeeInvis .   a - +0 war axe
rCold    . . .     Faith    .   b - +0 kite shield
rNeg     . . .     Spirit   .   (helmet restricted)
rPois    .         Reflect  .   (no amulet)
rElec    .         Harm     .   (no ring)
rCorr    .         Rampage  .   (no ring)
Will     .....                  (no ring)
Stlth    ++........             (no ring)
HPRegen  0.05/turn              (no ring)
MPRegen  0.07/turn              (no ring)
                                (no ring)
                                (no ring)

@: no status effects
A: almost no armour, amphibious, 8 rings, camouflage 1, gelatinous body 1,
(nimble swimmer 1), tentacles
a: no special abilities


You were on level 1 of the Dungeon.
You visited 1 branch of the dungeon, and saw 1 of its levels.

You collected 7 gold pieces.

Inventory:

Hand Weapons
 a - a +0 war axe (weapon)
Armour
 b - a +0 kite shield (worn)
Scrolls
 d - a scroll of enchant weapon {unknown}
Potions
 c - 2 potions of might


   Skills:
 * Level 3.0 Fighting
 * Level 2.0 Axes
 - Level 3.0 Dodging
 * Level 3.0 Shields


You couldn't memorise any spells.
You didn't know any spells.
Your spell library was empty.

Dungeon Overview and Level Annotations

Branches:
Dungeon (1/15)

Altars:


Innate Abilities, Weirdness & Mutations

You cannot wear most types of armour.
You are amphibious.
You can wear up to eight rings at the same time.
Your skin changes colour to match your surroundings (Stealth+).
Your rubbery body absorbs attacks. (AC +1, EV +1)
((You are camouflaged near water. (Stealth+)))
You have tentacles for arms and can constrict up to eight enemies at once.


Message History

You closely miss the rat. You grab the rat. Your squeeze misses the rat.
You constrict the rat, but do no damage.
You block the rat's attack. The rat bites you.
You slash the rat!
You kill the rat!
c - 2 potions of might (gained 1)
You now have 7 gold pieces.
A kobold comes into view. It is wielding a +0 short sword.
A kobold is nearby!
A kobold is nearby!
A ball python and a goblin come into view.
The kobold shouts!
The goblin shouts!
The kobold throws a stone.
The stone hits you.
Found a whip.
The kobold hits you with a +0 short sword.
You barely miss the kobold.
The ball python hisses angrily.
You grab the kobold.
You constrict the kobold, but do no damage.
The kobold barely misses you.
You hit the kobold.
The kobold is severely wounded.
You constrict the kobold.
You kill the kobold!
You block the goblin's attack.
You barely miss the goblin. Your grab misses the goblin.
The goblin hits you with a +0 club.
A dart slug comes into view.
The goblin hits you with a +0 club.
* * * LOW HITPOINT WARNING * * *
You are too injured to fight recklessly!
You slash the goblin!
You kill the goblin!
You barely miss the ball python. The ball python closely misses you.
You block the ball python's attack. The ball python bites you.
* * * LOW HITPOINT WARNING * * *
You block the ball python's attack. The dart slug launches a dart at you.
The slug dart hits you!
You die...

#.####.# ###
#.# ... #.#
###.### #.#
#.....
#.####.#.###
#..........#
#######.#.#.#
.....)......#
.w....)@#.#.#
######S)#.#
#..# # #...
#.## #. #. ##


You could see a dart slug and a ball python.

Vanquished Creatures
  A giant cockroach (D:1)
  A goblin (D:1)
  A kobold (D:1)
  A rat (D:1)
4 creatures vanquished.

Notes
Turn   | Place    | Note
-------+----------+-------------------------------------------
     0 | D:1      | Zeld the Octopode Fighter began the quest for the Orb.
     0 | D:1      | Reached XP level 1. HP: 16/16 MP: 1/1
   113 | D:1      | Killed from afar by a dart slug

Illustrated notes

Levels and vault maps discovered:
D:1:      eino_arrival_cavern_a, layout_loops_ring, serial_glass,
          glass_columns_a, glass_columns_b, chequers_serial_rivers_small_a

Action                   || total
-------------------------++-------
Melee: War axe           ||     9
       Constrict         ||     3
       Tentacles         ||     1
Dodge: Dodged            ||     3
Block: Kite shield       ||     7

Table legend: (Time is in decaauts)
 A = Elapsed time spent in this place.
 B = Non-inter-level travel time spent in this place.
 C = Inter-level travel time spent in this place.
 D = Time resting spent in this place.
 E = Time spent auto-exploring this place.
 F = Levels seen in this place.
 G = Mean time per level.
                   A        B        C        D        E       F      G
               +--------+--------+--------+--------+--------+-----+--------+
         Total |    118 |    118 |      0 |      0 |     85 |   1 |  118.0 |
       Dungeon |    118 |    118 |      0 |      0 |     85 |   1 |  118.0 |
               +--------+--------+--------+--------+--------+-----+--------+

Top non-repeatable levels by time:
     D:1: 118 daAuts
